 Dungeon Crawl Stone Soup version 0.19-a0-1837-gdfe47cf (webtiles) character file.

92178 rlgrobin the Slicer (level 15, -12/114 HPs)
             Began as a Vampire Fighter on Sept 22, 2016.
             Was a High Priest of Okawaru.
             Mangled by a quicksilver dragon (shapeshifter) (19 damage)
             ... on level 3 of the Abyss on Oct 9, 2016.
             The game lasted 02:59:51 (33197 turns).

rlgrobin the Slicer (Vampire Fighter)              Turns: 33197, Time: 02:59:52

Health: -12/114    AC:  0    Str: 20    XL:     15   Next: 57%
Magic:  0/17       EV: 31    Int: 11    God:    Okawaru [*****.]
Gold:   1086       SH:  0    Dex: 20    Spells: 0 memorised, 14 levels left

rFire  . . .     SeeInvis +       - Unarmed
rCold  + + .     Gourm    .     (armour currently unavailable)
rNeg   + + +     Faith    .     (shield currently unavailable)
rPois  ∞         Spirit   +     (helmet currently unavailable)
rElec  .         Dismiss  .     (cloak currently unavailable)
rCorr  .         Reflect  .     (gloves currently unavailable)
MR     ++...     Harm     .     (boots currently unavailable)
Stlth  +++++++... Clarity  +    F - amulet of guardian spirit
                                (ring currently unavailable)
                                (ring currently unavailable)

@: bat-form, heroism, flying, bloodless, non-regenerating, very quick
A: fangs 3, see invisible, clarity, magic resistance 1, (unbreathing)
a: End Transformation, Heroism, Finesse, Renounce Religion


You were on level 3 of the Abyss.
You worshipped Okawaru.
Okawaru was extremely pleased with you.
You were bloodless.
You were in vampire-bat-form.
You visited 4 branches of the dungeon, and saw 23 of its levels.
You visited the Abyss 1 time.
You also visited: Sewer and Volcano.

You collected 2686 gold pieces.
You spent 1600 gold pieces at shops.

Inventory:

Hand Weapons
 l - a +8 blowgun
 D - the +3 dire flail "Hellblazer" {freeze, rPois rF+ MR+, unknown}
   (You found it on level 6 of the Lair of Beasts)

   It has been specially enchanted to freeze those struck by it, causing extra
   injury to most foes and up to half again as much damage against particularly
   susceptible opponents.
   It can also slow down cold-blooded creatures.
   It protects you from fire.
   It protects you from poison.
   It affects your resistance to hostile enchantments.
 H - the +6 dagger "Culeeg" {distort, +Inv Str+4 Stlth+}
   (You found it on level 2 of the Orcish Mines)

   It warps and distorts space around it.
   Unwielding it can cause banishment or high damage.
   It affects your strength (+4).
   It lets you turn invisible.
   It makes you more stealthy.
 I - a +2 dagger of freezing
 M - the +8 rapier of a bailey (melded) {pain, Int+4 Dex+3}
   (Okawaru gifted it to you on level 1 of the Swamp)

   In the hands of one skilled in necromantic magic, it inflicts extra damage on
   living creatures.
   It affects your intelligence (+4).
   It affects your dexterity (+3).
Missiles
 p - 5 javelins of penetration
 s - 2 steel javelins
Armour
 b - the +3 crystal plate armour of the Blizzard (melded) {rElec Dex+3}
   (Okawaru gifted it to you on level 2 of the Lair of Beasts)

   It affects your dexterity (+3).
   It insulates you from electricity.
 c - a +5 shield (melded)
 f - a +1 helmet (melded)
 i - the +0 pair of boots of Death's Door (melded) {rPois Int+4}
   (You bought it in a shop on level 11 of the Dungeon)

   It affects your intelligence (+4).
   It protects you from poison.
 o - the +1 cloak of the Tundras (melded) {+Fly rN+}
   (You bought it in a shop on level 2 of the Orcish Mines)

   It protects you from negative energy.
   It lets you fly.
 u - a +2 pair of gloves (melded)
 A - the +3 buckler of the Leaf {SInv}
   (You found it on level 6 of the Lair of Beasts)

   It lets you see invisible.
Jewellery
 e - an uncursed ring of flight
 m - an uncursed ring of protection from fire
 r - an uncursed ring of protection from magic {unknown}
 v - a +4 ring of strength (melded)
 y - a +3 ring of dexterity (melded)
 F - an amulet of guardian spirit (around neck)
Wands
 a - a wand of disintegration (16/24)
 g - a wand of slowing (5/48)
 t - a wand of paralysis (19/24)
 w - a wand of flame (15/48)
 z - a wand of disintegration (11/24)
 J - a wand of disintegration (4/24)
 N - a wand of iceblast (0/15)
Scrolls
 d - 4 scrolls of teleportation
 h - 2 scrolls of amnesia
 j - a scroll of fear
 k - a scroll of holy word {unknown}
 E - a scroll of enchant weapon
 Q - 5 scrolls of magic mapping
 S - 3 scrolls of identify
 U - a scroll of summoning {unknown}
Potions
 n - a potion of magic
 C - 3 potions of flight
 G - 2 potions of cancellation
 K - a potion of ambrosia {unknown}
 L - 4 potions of agility
 O - a potion of brilliance
 T - a potion of berserk rage {unknown}
 Y - a potion of resistance
Books
 x - the Compendium of the Freezing Entourage
   (You found it on level 6 of the Dungeon)

   Spells                             Type                      Level
   a - Freeze                         Ice                          1
   b - Call Imp                       Summoning                    2
   c - Metabolic Englaciation         Hexes/Ice                    5
   d - Summon Forest                  Summoning/Translocation      5
   e - Malign Gateway                 Summoning/Translocation      7


   Skills:
 + Level 9.6(14.6) Fighting
 + Level 14.9(19.9) Short Blades
 * Level 6.3(11.3) Throwing
 * Level 10.7(15.7) Armour
 * Level 5.8(10.8) Dodging
 + Level 5.5(10.5) Stealth
 - Level 14.2(19.2) Shields
 + Level 3.5 Invocations
 + Level 1.9 Evocations


You had 14 spell levels left.
You didn't know any spells.

Dungeon Overview and Level Annotations

Branches:
Dungeon (13/15)            Temple (0/1) D:4            Lair (6/6) D:8
  Swamp (2/4) Lair:2        Snake (0/4) Lair:3        Slime (0/5) Lair:6
    Orc (2/2) D:12            Elf (0/3) Orc:2
 Vaults: D:13-14

Altars:
Cheibriados
Elyvilon
Hepliaklqana
Makhleb
Nemelex Xobeh
Okawaru
Ru
Uskayaw
Xom
Beogh
Jiyva

Shops:
D:11 [   Orc:1 !   Orc:2 =%([

Annotations:
D:4 Pikel
D:11 Nergalle
D:13 Synzig's ghost, adept GrGl
Lair:2 D Yak pack @ eastern stairs
Lair:4 ENTROPY WEAVER AT STAIRS


Innate Abilities, Weirdness & Mutations

You do not heal naturally.
You are immune to poison.
You have razor-sharp teeth.
You have supernaturally acute eyesight. (SInv)
((You can survive without breathing.))
You possess an exceptional clarity of mind.
You are resistant to hostile enchantments. (MR+)


Message History

The reaper moves out of view.
As you read the scroll of fear, it crumbles to dust.
You assume a fearsome visage.
The quicksilver dragon resists with almost no effort.
You block the quicksilver dragon's attack. x2
You turn into a vampire bat.
The +8 rapier of a bailey {pain, Int+4 Dex+3} melds into your body.
The +1 cloak of the Tundras {+Fly rN+} melds into your body.
Your +1 helmet melds into your body.
Your +2 pair of gloves melds into your body.
The +0 pair of boots of Death's Door {rPois Int+4} melds into your body.
Your +5 shield melds into your body.
The +3 crystal plate armour of the Blizzard {rElec Dex+3} melds into your body.
Your +4 ring of strength melds into your body.
Your +3 ring of dexterity melds into your body.
You feel weaker.
You feel clumsy.
The quicksilver dragon breathes dispelling energy at you.
The bolt of dispelling energy misses you.
The quicksilver dragon bites you!!
You die...

#### .#§
#.. .. ###
.# ##
#..####2#
.# ## # #.
#Db# . #
#.. #...###
. # # . ##.
# # .# #
###... .
###.#.#.###
..##
#.##....# †
. ###.##.
#.##.# .
##..... #.#
##. .#..#.
# #.. #


You could see a quicksilver dragon and a reaper.

Vanquished Creatures
  A tentacled starspawn (Abyss:3)
  Gastronok (Lair:3)
  2 orc warlords (Orc:2)
  An ophan (Abyss:3)
  A dire elephant (Lair:6)
  A blizzard demon (Abyss:3)
  An anaconda (Lair:3)
  A catoblepas (Lair:6)
  5 hydras
  Erica (D:9)
  3 centaur warriors (D:13)
  A queen ant (Lair:4)
  An alligator (Swamp:2)
  7 death yaks
  A tengu warrior (D:13)
  A deep troll shaman (Lair:6)
  An orc high priest (Orc:2)
  Urug (Lair:5)
  A sun demon (Volcano)
  3 skeletal warriors
  An unseen horror (D:11)
  2 swamp dragons
  A shambling mangrove (Swamp:1)
  5 hill giants
  3 ugly things
  An orc knight (Orc:1)
  3 cyclopes
  4 orc sorcerers
  6 black mambas
  A worldbinder (Abyss:3)
  10 elephants
  2 smoke demons (Abyss:3)
  A gargoyle (D:11)
  An orange demon (Abyss:3)
  2 centaur skeletons
  2 molten gargoyles (Volcano)
  10 spiny frogs
  3 rime drakes
  4 komodo dragons
  A red devil (Volcano)
  A tengu conjurer (D:13)
  3 polar bears
  7 trolls
  7 hornets
  5 tyrant leeches
  3 slime creatures (Swamp:1)
  A dream sheep (Lair:3)
  4 hippogriffs
  2 two-headed ogres
  13 blink frogs
  7 raiju (Abyss:3)
  The ghost of taraiph the Conjurer, an amateur HEWz of Sif Muna (D:9)
  A shadow (D:12)
  A wraith (D:13)
  2 spriggans
  35 yaks
  8 fire bats (Volcano)
  2 wyverns
  A golden eye (Abyss:3)
  A chaos spawn (Abyss:3)
  A basilisk (Lair:2)
  5 large abominations (Abyss:3)
  5 vampire mosquitoes
  3 wargs
  Blork the orc (D:5)
  15 soldier ants
  6 insubstantial wisps (Swamp:2)
  6 swamp worms
  4 water moccasins
  5 hell hounds
  4 floating eyes (D:10)
  10 porcupines
  2 slaves (D:4)
  A black bear (Lair:5)
  A hornet zombie (D:9)
  32 orc warriors
  3 ice beasts
  10 ogres
  2 sky beasts
  2 eyes of draining (D:10)
  2 necrophages
  5 phantoms
  5 centaurs
  13 wolves
  9 crocodiles
  A big kobold (D:9)
  8 small abominations (Abyss:3)
  19 bullfrogs
  3 scorpions
  A water moccasin skeleton (D:8)
  4 killer bees (D:13)
  4 howler monkeys
  An electric eel (Lair:5)
  7 crimson imps
  6 lava snakes (Volcano)
  2 quasits
  20 orc priests
  A bullfrog zombie (D:8)
  3 hounds
  2 bullfrog skeletons
  4 jellies
  24 orc wizards
  Natasha (thrice) (D:2)
  28 worker ants
  4 hell rats (Lair:3)
  A hound skeleton (D:4)
  A howler monkey zombie (D:11)
  5 gnolls
  3 river rats
  10 adders
  3 shadow imps
  2 adder skeletons
  2 worms
  3 dart slugs
  2 leopard geckos
  111 orcs
  6 ball pythons
  A bat (D:1)
  6 giant cockroaches
  8 goblins
  6 hobgoblins
  2 iguanas
  12 jackals
  12 kobolds
  3 quokkas
  2 frilled lizards
  24 rats
  A briar patch (Swamp:1)
  A plant (D:1)
  2 starspawn tentacles (Abyss:3)
729 creatures vanquished.

Vanquished Creatures (collateral kills)
  An orc wizard (D:5)
  3 orcs (D:5)
4 creatures vanquished.

Vanquished Creatures (others)
  A thorn hunter (Swamp:2)
  The ghost of YoMomma the Fighter, a journeyman TrMo of Ru (Orc:2)
  2 hydras (Swamp:1)
  2 alligators (Swamp:1)
  2 death yaks (Lair:5)
  A spriggan rider (Swamp:2)
  2 shambling mangroves (Swamp:1)
  An orc knight (Orc:2)
  2 elephants (Lair:6)
  A polar bear (Lair:6)
  A hornet (Swamp:1)
  A tyrant leech (Swamp:1)
  2 slime creatures (Swamp:1)
  2 blink frogs (Lair:5)
  A shadow (Swamp:2)
  2 swamp worms (Swamp:1)
  An orc warrior (Orc:2)
  A swamp drake (Swamp:1)
  2 wolves (Lair:5)
  A small abomination (Abyss:3)
  An adder (D:9)
  A quokka (D:9)
  5 bushes (Lair:6)
  9 fungi
  17 plants
  5 starspawn tentacles (Abyss:3)
  8 toadstools (Swamp:2)
75 creatures vanquished.

Grand Total: 808 creatures vanquished

Notes
Turn   | Place    | Note
-------+----------+-------------------------------------------
     0 | D:1      | rlgrobin the Vampire Fighter began the quest for the Orb.
     0 | D:1      | Reached XP level 1. HP: 17/17 MP: 1/1
   376 | D:1      | Reached XP level 2. HP: 22/23 MP: 2/2
   773 | D:2      | Noticed Natasha
   779 | D:2      | Killed Natasha
   779 | D:2      | Reached XP level 3. HP: 26/28 MP: 3/3
   906 | D:2      | Noticed Natasha
   911 | D:2      | Killed Natasha
  1161 | D:2      | Reached XP level 4. HP: 35/35 MP: 4/4
  1196 | D:2      | Noticed Natasha
  1206 | D:2      | Killed Natasha
  1206 | D:2      | Reached skill level 1 in Stealth
  1253 | D:2      | Reached skill level 1 in Throwing
  1513 | D:3      | Found a glowing drain.
  1816 | D:3      | Reached XP level 5. HP: 32/41 MP: 5/5
  2053 | Sewer    | Entered a sewer
  2456 | Sewer    | HP: 2/41 [poisoned by an adder]
  2462 | Sewer    | HP: 2/41 [poisoned by an adder]
  2467 | D:3      | HP: 1/41 [poisoned by an adder]
  3066 | D:3      | Reached XP level 6. HP: 31/47 MP: 6/6
  3687 | D:4      | Noticed a slave
  3689 | D:4      | Noticed a slave
  3690 | D:4      | Noticed Pikel
  3712 | D:5      | Entered Level 5 of the Dungeon
  3740 | D:4      | Killed a slave
  3877 | D:4      | Reached skill level 1 in Dodging
  4059 | D:4      | Found an iron altar of Okawaru.
  4069 | D:4      | Became a worshipper of Warmaster Okawaru
  4215 | D:4      | Reached skill level 5 in Short Blades
  4282 | D:4      | Found a staircase to the Ecumenical Temple.
  4403 | D:4      | Killed a slave
  4496 | D:5      | Upgraded the game from 0.19-a0-1673-g1c1b307 to 0.19-a0-1837-gdfe47cf
  4572 | D:5      | Reached XP level 7. HP: 40/52 MP: 7/7
  4665 | D:5      | Noticed Blork the orc
  4725 | D:5      | Killed Blork the orc
  4890 | D:5      | Reached * piety under Okawaru
  5084 | D:6      | You fall through a shaft for 3 floors!
  5196 | D:9      | Reached XP level 8. HP: 47/60 MP: 8/8
  5298 | D:9      | Reached skill level 5 in Stealth
  5474 | D:9      | Reached ** piety under Okawaru
  5484 | D:9      | Gained mutation: You are weak. (Str -2) [potion of mutation]
  5484 | D:9      | Gained mutation: You evolve. [potion of mutation]
  5484 | D:9      | Gained mutation: You possess an exceptional clarity of mind. [potion of mutation]
  5499 | D:9      | Reached *** piety under Okawaru
  5499 | D:9      | Reached skill level 5 in Fighting
  5499 | D:9      | Reached XP level 9. HP: 37/68 MP: 6/9
  5504 | D:9      | Reached skill level 5 in Shields
  5765 | D:9      | Noticed a skeletal warrior
  5765 | D:9      | Noticed a skeletal warrior
  5769 | D:9      | HP: 2/68 [skeletal warrior/flail (23)]
  5976 | D:9      | Gained mutation: Your flesh is heat resistant. (rF+) [evolution]
  6250 | D:9      | Noticed a skeletal warrior
  6272 | D:9      | Noticed Erica
  6576 | D:6      | Found a hide-covered altar of Uskayaw.
  6641 | D:6      | Got a fine chain mail
  6642 | D:6      | Identified the cursed +0 chain mail of the Stars {rPois rC+} (You found it on level 6 of the Dungeon)
  6659 | D:6      | Found a hazy altar of Hepliaklqana.
  6751 | D:6      | Identified the Compendium of the Freezing Entourage
  6937 | D:6      | Reached skill level 5 in Armour
  7047 | D:6      | Found a snail-covered altar of Cheibriados.
  7078 | D:6      | Found a shimmering altar of Xom.
  7189 | D:6      | Found a sacrificial altar of Ru.
  7481 | D:7      | Found a burning altar of Makhleb.
  7501 | D:7      | Found a sparkling altar of Nemelex Xobeh.
  7900 | D:8      | Reached **** piety under Okawaru
  8055 | D:8      | Found an iron altar of Okawaru.
  8443 | D:8      | Noticed a komodo dragon
  8444 | D:8      | Found a staircase to the Lair.
  8459 | D:8      | Killed a komodo dragon
  8459 | D:8      | Reached XP level 10. HP: 28/76 MP: 3/10
  8680 | Lair:1   | Entered Level 1 of the Lair of Beasts
  9086 | Lair:1   | Noticed a spiny frog
  9122 | Lair:1   | Killed a spiny frog
  9122 | Lair:1   | Reached skill level 10 in Short Blades
  9301 | Lair:1   | Noticed a black mamba
  9368 | D:8      | Reached ***** piety under Okawaru
  9845 | Lair:1   | Killed a black mamba
 10041 | Lair:2   | Received a gift from Okawaru
 10042 | Lair:2   | Got an ancient crystal plate armour {god gift}
 10044 | Lair:2   | Identified the +3 crystal plate armour of the Blizzard {rElec Dex+3} (Okawaru gifted it to you on level 2 of the Lair of Beasts)
 10132 | Lair:2   | Found a staircase to the Swamp.
 10176 | Lair:2   | Noticed a black mamba
 10189 | Lair:2   | Killed a black mamba
 10554 | Lair:2   | Noticed an elephant
 10582 | Lair:2   | Killed an elephant
 10585 | Lair:2   | Noticed an elephant
 10586 | Lair:2   | Noticed an elephant
 10605 | Lair:2   | Noticed an elephant
 10632 | Lair:1   | Killed an elephant
 10682 | Lair:2   | Killed an elephant
 10682 | Lair:2   | Reached skill level 1 in Invocations
 10682 | Lair:2   | Reached XP level 11. HP: 63/83 MP: 9/11
 11072 | Lair:3   | Lost mutation: You are weak. (Str -2) [evolution]
 11406 | Lair:3   | Noticed Gastronok
 11443 | Lair:3   | Gained mutation: Your flesh is cold resistant. (rC+) [potion of beneficial mutation]
 11448 | Lair:3   | Killed Gastronok
 11829 | Lair:3   | Lost mutation: Your flesh is cold resistant. (rC+) [evolution]
 11996 | Lair:3   | Found a staircase to the Snake Pit.
 12328 | Lair:2   | Noticed a death yak
 12473 | Lair:3   | Received a gift from Okawaru
 12663 | Lair:3   | Noticed an anaconda
 12692 | Lair:3   | Killed an anaconda
 13226 | Lair:4   | Noticed an entropy weaver
 13271 | Lair:2   | Noticed a death yak
 13271 | Lair:2   | Noticed a death yak
 13390 | D:9      | Killed a skeletal warrior
 13622 | D:9      | Noticed taraiph's ghost (amateur HEWz)
 13640 | D:9      | Killed taraiph's ghost
 13640 | D:9      | Received a gift from Okawaru
 13801 | D:9      | Found a white marble altar of Elyvilon.
 13885 | D:9      | Killed Erica
 13885 | D:9      | Reached XP level 12. HP: 79/91 MP: 10/13
 13960 | D:10     | Entered Level 10 of the Dungeon
 14449 | D:11     | Noticed Nergalle
 14821 | D:11     | Received a gift from Okawaru
 14823 | D:11     | Gained mutation: Your mind is acute. (Int +2) [potion of beneficial mutation]
 14871 | D:11     | Noticed a four-headed hydra
 14890 | D:11     | Killed a four-headed hydra
 14890 | D:11     | Reached skill level 1 in Evocations
 15143 | D:12     | Reached skill level 10 in Shields
 15213 | D:12     | Found a staircase to the Orcish Mines.
 15878 | D:13     | Noticed Synzig's ghost (adept GrGl)
 15970 | Orc:1    | Entered Level 1 of the Orcish Mines
 15970 | Orc:1    | Found a roughly hewn altar of Beogh.
 16264 | Orc:1    | Found Ekhlymp's Distillery.
 16278 | Orc:1    | Bought a potion of might for 60 gold pieces
 16278 | Orc:1    | Bought a potion of curing for 45 gold pieces
 16278 | Orc:1    | Bought a potion of might for 60 gold pieces
 16775 | Orc:2    | Entered Level 2 of the Orcish Mines
 16775 | Orc:2    | Found a staircase to the Elven Halls.
 17065 | Orc:2    | Noticed YoMomma's ghost (journeyman TrMo)
 17188 | Orc:2    | Found a roughly hewn altar of Beogh.
 17321 | Orc:2    | Found a roughly hewn altar of Beogh.
 17375 | Orc:2    | Found a dark tunnel.
 17386 | Volcano  | Entered a volcano
 17518 | Volcano  | Reached XP level 13. HP: 97/98 MP: 11/14
 17560 | Volcano  | Received a gift from Okawaru
 17678 | Volcano  | Found a burning altar of Makhleb.
 18319 | Orc:2    | Found a roughly hewn altar of Beogh.
 18359 | Orc:1    | Lost mutation: Your flesh is heat resistant. (rF+) [evolution]
 19395 | Lair:4   | Noticed an entropy weaver
 19802 | Lair:5   | Received a gift from Okawaru
 20823 | Lair:5   | Got a smoking robe
 21221 | Lair:6   | Entered Level 6 of the Lair of Beasts
 21221 | Lair:6   | Found a viscous altar of Jiyva.
 21221 | Lair:6   | Found a staircase to the Slime Pits.
 21244 | Lair:6   | Got a shimmering flail
 21258 | Lair:6   | Identified the cursed +1 flail "Xuritoom" {protect, rPois rC+ MR-} (You found it on level 6 of the Lair of Beasts)
 21267 | Lair:6   | Lost mutation: Your mind is acute. (Int +2) [evolution]
 23053 | D:10     | Paralysed by a floating eye for 3 turns
 23063 | D:10     | Paralysed by a floating eye for 3 turns
 23073 | D:10     | Paralysed by a floating eye for 3 turns
 23079 | D:10     | Paralysed by a floating eye for 3 turns
 23090 | D:10     | Paralysed by a floating eye for 4 turns
 23111 | D:10     | Paralysed by a floating eye for 3 turns
 23121 | D:10     | Paralysed by a floating eye for 4 turns
 23129 | D:10     | Paralysed by a floating eye for 3 turns
 23136 | D:10     | Paralysed by a floating eye for 4 turns
 23578 | D:10     | Reached XP level 14. HP: 104/106 MP: 0/16
 23619 | D:10     | Paralysed by a floating eye for 2 turns
 23631 | D:10     | Paralysed by a floating eye for 3 turns
 23639 | D:10     | Paralysed by a floating eye for 2 turns
 23936 | D:11     | Found Atwob's Armour Shop.
 23946 | D:11     | Bought the cursed +0 pair of boots of Death's Door {rPois Int+4} for 358 gold pieces
 24378 | D:13     | Reached ****** piety under Okawaru
 24626 | D:13     | Received a gift from Okawaru
 24883 | D:13     | Gained mutation: You are resistant to hostile enchantments. (MR+) [evolution]
 24883 | D:13     | Lost mutation: You evolve. [end of evolution]
 25046 | Orc:2    | Found a roughly hewn altar of Beogh.
 25167 | Orc:2    | Noticed an orc warlord
 25503 | Orc:2    | Killed an orc warlord
 25623 | Orc:2    | Found Tiecull's Jewellery Boutique.
 25637 | Orc:2    | Bought a +4 ring of strength for 378 gold pieces
 25637 | Orc:2    | Bought a +3 ring of dexterity for 219 gold pieces
 25906 | Orc:2    | Found a roughly hewn altar of Beogh.
 25906 | Orc:2    | Found Devo's Food Emporium.
 25923 | Orc:2    | Received a gift from Okawaru
 25983 | Orc:2    | Found a roughly hewn altar of Beogh.
 26075 | Orc:2    | Got an encrusted dagger
 26080 | Orc:2    | Identified the +6 dagger "Culeeg" {distort, +Inv Str+4 Stlth+} (You found it on level 2 of the Orcish Mines)
 26217 | Orc:2    | Noticed an orc warlord
 26537 | Orc:2    | Banished YoMomma's ghost
 26645 | Orc:2    | Killed an orc warlord
 26758 | Orc:2    | Found Vour's Antique Weapon Shoppe.
 26762 | Orc:2    | Found Emyufat's Antique Armour Emporium.
 26763 | Orc:2    | Found a roughly hewn altar of Beogh.
 26780 | Orc:2    | Bought a runed blowgun for 72 gold pieces
 26786 | Orc:2    | Bought a spiked cloak for 408 gold pieces
 26786 | Orc:2    | Identified the +1 cloak of the Tundras {+Fly rN+} (You bought it in a shop on level 2 of the Orcish Mines)
 27683 | Lair:6   | Reached skill level 5 in Throwing
 27739 | Lair:5   | Noticed Urug
 27775 | Lair:5   | Killed Urug
 28161 | Lair:6   | Got a dazzling buckler
 28181 | Lair:6   | Got a steaming dire flail
 28698 | Lair:4   | Got a heavily runed leather armour
 28765 | Swamp:1  | Entered Level 1 of the Swamp
 29032 | Swamp:1  | Reached XP level 15. HP: 90/113 MP: 17/17
 29402 | Swamp:1  | Received a gift from Okawaru
 29403 | Swamp:1  | Got a bloodstained rapier {god gift}
 29404 | Swamp:1  | Identified the +8 rapier of a bailey {pain, Int+4 Dex+3} (Okawaru gifted it to you on level 1 of the Swamp)
 29405 | Swamp:1  | Identified the +3 buckler of the Leaf {SInv} (You found it on level 6 of the Lair of Beasts)
 29693 | Swamp:1  | Identified the cursed +1 leather armour "Kezontoa" {Str+6} (You found it on level 4 of the Lair of Beasts)
 30383 | Swamp:2  | Reached skill level 10 in Armour
 30459 | Swamp:2  | Noticed a thorn hunter
 30465 | Swamp:2  | Banished a thorn hunter
 30526 | Swamp:2  | Reached skill level 5 in Dodging
 30918 | Swamp:1  | Noticed a thorn hunter
 31878 | Lair:1   | Cast into level 3 of the Abyss (a distortion unwield)
 31888 | Abyss:3  | Noticed a tentacled starspawn
 31920 | Abyss:3  | Killed a tentacled starspawn
 32013 | Abyss:3  | Noticed a daeva
 32017 | Abyss:3  | Paralysed by accursed screaming for 1 turns
 32222 | Abyss:3  | Noticed a hellephant
 32305 | Abyss:3  | Noticed a daeva
 32550 | Abyss:3  | Noticed a revenant
 33042 | Abyss:3  | Received a gift from Okawaru
 33183 | Abyss:3  | Noticed a quicksilver dragon
 33197 | Abyss:3  | Mangled by a quicksilver dragon (shapeshifter)

Vault maps used:
D:1:      kennysheep_arrival_seaside
D:2:      minmay_misc_feat_x, kennysheep_generic_room_15, uniq_natasha
D:3:      portal_sewer_entry_a
D:4:      led_sif_pool, lemuel_coloured_pillars_altar, first_bread, uniq_pikel
D:5:      uniq_blork_the_orc
D:6:      lemuel_crystal_altar, cheibriados_altar_wand_db, lemuel_crystal_altar,
          lemuel_crystal_altar, dk_xom_monty_hall
D:7:      lemuel_doored_altar, lemuel_crystal_altar,
          kennysheep_decorative_pillar, hangedman_decor_riveting
D:8:      david_lair_shrubbed, okawaru_trees_1
D:9:      elyvilon_altar_4, grunt_ogre_cave, minmay_misc_feat_plants,
          kennysheep_opposing_triangles, uniq_erica
D:10:     nrook_loot_triangle, minivault_25, onia_ninara_cookie
D:11:     serial_shops, nicolae_shop_behind_doors, lightli_minifort,
          uniq_nergalle
D:12:     erik_orc_4
D:13:     minmay_misc_feat_five
Lair:1:   lab_entry_generic
Lair:2:   swamp_mist
Lair:3:   dummy_snake_entry, grunt_megastairs_2, uniq_gastronok
Lair:4:   zaba_anthell, grunt_megastairs_4, serial_bayou_shore_b,
          infiniplex_staircase_pool_2
Lair:5:   gammafunk_lair_bear_cave, portal_ice_cave_entry_pillars_1, uniq_urug
Lair:6:   grunt_lair_end_beastmaster, slime_altar_1
Swamp:1:  evilmike_swamp_ruin_house_4
Swamp:2:  cheibrodos_swamp_tower_of_moss, evilmike_swamp_ruin_rubble_1,
          swamp_pool2
Orc:1:    basic_altar, serial_shops, shop
Orc:2:    grunt_orc_community_town_hall, grunt_orc_community_big_house_1,
          grunt_orc_community_big_house_1, grunt_orc_community_house_2,
          grunt_orc_community_house_2, grunt_orc_community_house_1,
          grunt_orc_community_house_3, grunt_orc_community_house_2,
          lightli_volcano_entry_magma_tube, nicolae_orc_sculptors_studio,
          nicolae_orc_lava_room
Abyss:3:  evilmike_abyss_exit_glass, hangedman_classic_abyss_death,
          evilmike_abyss_exit_5
Sewer:    sewer_minmay_treatment
Volcano:  volcano_grotto

Skill      XL: |  1  2  3  4  5  6  7  8  9 10 11 12 13 14 15 |
---------------+----------------------------------------------+-----
Shields        | 3 4 6 7 9 10 12 14 | 14.2
Fighting       | 3 5 6 7 8 9 |  9.6
Short Blades   | 3 4 5 6 7 9 11 12 13 14 | 14.9
Armour         | 3 4 5 7 8 9 10 | 10.7
Stealth        | 2 4 5 |  5.5
Throwing       | 1 2 3 5 6 |  6.3
Dodging        | 1 2 3 4 5 |  5.8
Invocations    | 1 2 3 |  3.5
Evocations     | 1 |  1.9

Action                   |  1- 3 |  4- 6 |  7- 9 | 10-12 | 13-15 || total
-------------------------+-------+-------+-------+-------+-------++-------
Melee: Rapier            |    92 |   319 |   465 |  1281 |   823 ||  2980
       Bite              |    14 |    31 |    65 |   284 |   678 ||  1072
       Unarmed           |       |     2 |       |       |       ||     2
       Dagger            |       |       |       |   457 |  2366 ||  2823
Throw: Javelin           |     9 |     7 |     7 |    61 |    45 ||   129
       Tomahawk          |       |       |       |       |    81 ||    81
Invok: Heroism           |       |       |     1 |    18 |    14 ||    33
       Finesse           |       |       |       |     4 |     7 ||    11
 Abil: Bat Form          |       |     1 |     2 |     2 |     2 ||     7
       End Transformatio |       |     1 |     2 |     2 |     1 ||     6
Evoke: Wand              |       |       |     1 |    16 |    16 ||    33
  Use: Scroll            |       |    11 |     8 |    14 |    26 ||    59
       Potion            |       |    12 |     5 |     7 |    21 ||    45
 Stab: Sleeping          |       |       |     3 |       |       ||     3
       Distracted        |       |       |       |       |     1 ||     1
  Eat: Corpse            |     2 |    10 |    13 |    22 |    27 ||    74
Armor: Scale mail        |    20 |   175 |   113 |     9 |       ||   317
       Crystal plate arm |       |       |       |   567 |   966 ||  1533
       Leather armour    |       |       |       |     7 |       ||     7
Dodge: Dodged            |    13 |   130 |   109 |   135 |   280 ||   667
Block: Shield            |    19 |   196 |   199 |  1117 |  1868 ||  3399
